 Seeded DCSS version 0.27-a0-1232-gc6a4cbd (webtiles) character file.

Game seed: 3375557939289291370 (custom seed)

1 AmazingTV the Ducker (level 1, -5/11 HPs)
             Began as a Spriggan Abyssal Knight on June 8, 2021.
             Was an Initiate of Lugonu.
             Slain by a goblin
             ... wielding a +1 dagger of distortion
              (13 damage)
             ... on level 1 of the Dungeon.
             The game lasted 00:03:18 (1126 turns).

AmazingTV the Ducker (Spriggan Abyssal Knight)      Turns: 1126, Time: 00:03:19

Health: -5/11      AC:  2    Str:  8    XL:     1   Next: 16%
Magic:  3/3        EV: 17    Int: 13    God:    Lugonu [......]
Gold:   31         SH:  0    Dex: 14    Spells: 0/0 levels left

rFire    . . .     SeeInvis +   e - +0 dagger
rCold    . . .     Faith    .   (shield restricted)
rNeg     + . .     Spirit   .   b - +0 robe
rPois    .         Reflect  .   (helmet restricted)
rElec    .         Harm     .   (no cloak)
rCorr    .         Rampage  .   (gloves unavailable)
Will     .....                  (boots unavailable)
Stlth    +.........             (no amulet)
HPRegen  0.03/turn              d - ring of positive energy
MPRegen  0.08/turn              (no ring)

@: very quick
A: very small, no large weapons, unfitting armour, see invisible, speed 3
a: Renounce Religion


You were on level 1 of the Dungeon.
You worshipped Lugonu.
Lugonu was noncommittal.
You visited 1 branch of the dungeon, and saw 1 of its levels.
You visited the Abyss 1 time.

You collected 31 gold pieces.

Inventory:

Hand Weapons
 a - a +1 hand axe
 e - a +0 dagger (weapon)
Armour
 b - a +0 robe (worn)
Jewellery
 d - a ring of positive energy (left hand)
Potions
 c - a potion of berserk rage {unknown}


   Skills:
 - Level 2.4 Fighting
 * Level 0.0 Short Blades
 - Level 1.5 Axes
 - Level 3.3 Dodging
 * Level 0.0 Stealth
 - Level 1.7 Invocations


You couldn't memorise any spells.
You didn't know any spells.
Your spell library was empty.

Dungeon Overview and Level Annotations

Branches:
Dungeon (1/15)

Altars:


Innate Abilities, Weirdness & Mutations

You are very small and have problems with some larger weapons.
You are too small for most types of armour.
You have supernaturally acute eyesight. (SInv)
You cover ground extremely quickly. (Speed+++)


Message History

The endoplasm is severely wounded.
The endoplasm barely misses you.
You completely miss the endoplasm.
The endoplasm is severely wounded.
The endoplasm freezes you.
You are frozen.
You hit the endoplasm.
You kill the endoplasm!
Lugonu accepts your kill.
You start resting.
HP restored.
There is an open door here.
A goblin comes into view.
It is wielding a +1 dagger of distortion.
The goblin shouts!
You hear a shout!
A kobold comes into view. It is wielding a +0 dagger.
The goblin hits you but does no damage.
You blink.
The goblin hits you with a +1 dagger of distortion.
You hit the goblin but do no damage.
The goblin hits you with a +1 dagger of distortion.
You blink.
There is an open door here.
You close the door.
There is an open door here.
You close the door.
A goblin opens the door.
There is an open door here.
You close the door.
You close the door.
You start resting.
A goblin is nearby!
You start resting.
Something unseen opens the door.
You hit the goblin.
The goblin is moderately wounded.
The goblin closely misses you.
You hit the goblin.
The goblin is severely wounded.
The goblin hits you but does no damage. Space warps horribly around you!
Ouch! That really hurt!
You die...

##+###....### #+#
###...#####+#
##.###.......###.##
#...#.........#...#
#...'....<....+...#
#...#.........#...#
#..###.......###.##
#.#####...#####.#
#.@#####+#####..#
##.g...........##
###############


You could see a goblin.

Vanquished Creatures
  An endoplasm (D:1)
1 creature vanquished.

Notes
Turn   | Place    | Note
-------+----------+-------------------------------------------
     0 | Abyss:1  | AmazingTV the Spriggan Abyssal Knight began the quest for
                  | the Orb.
     0 | Abyss:1  | Reached XP level 1. HP: 11/11 MP: 3/3
   107 | Abyss:1  | Noticed a thrashing horror
   116 | Abyss:1  | Noticed a starcursed mass
   216 | Abyss:1  | Noticed a large abomination
   219 | Abyss:1  | Noticed a chaos spawn
   221 | Abyss:1  | Noticed an orange demon
   222 | Abyss:1  | Noticed a quasit
   223 | Abyss:1  | Noticed a hellion
   239 | Abyss:1  | Noticed an apocalypse crab
   264 | Abyss:1  | Noticed an ancient zyme
   268 | D:1      | Escaped the Abyss
  1126 | D:1      | Slain by a goblin

Illustrated notes

Levels and vault maps discovered:
D:1:      dpeg_arrival_three_smaller_balls, layout_rooms,
          hellmonk_ecumenical_altar_prayer_group, minmay_split_cup_large

Action                   || total
-------------------------++-------
Melee: Dagger            ||    12
Invok: Depart the Abyss  ||     1
Armor: Robe              ||     2
Dodge: Dodged            ||     7

Table legend: (Time is in decaauts)
 A = Elapsed time spent in this place.
 B = Non-inter-level travel time spent in this place.
 C = Inter-level travel time spent in this place.
 D = Time resting spent in this place.
 E = Time spent auto-exploring this place.
 F = Levels seen in this place.
 G = Mean time per level.
                   A        B        C        D        E       F      G
               +--------+--------+--------+--------+--------+-----+--------+
         Total |    994 |    987 |      7 |    750 |    132 |   2 |  497.0 |
       Dungeon |    828 |    821 |      7 |    749 |     14 |   1 |  828.0 |
         Abyss |    165 |    165 |      0 |      1 |    117 |   1 |  165.0 |
               +--------+--------+--------+--------+--------+-----+--------+

Top non-repeatable levels by time:
     D:1: 828 daAuts
 Abyss:1: 165 daAuts
